[Event "Team 45 45 League T58"]
[Site "Internet Chess Club"]
[Date "2013.09.23"]
[Round "5"]
[White "parrot9"]
[Black "Nxs123"]
[Result "1-0"]
[WhiteElo "1577"]
[BlackElo "1540"]
[Opening "French: Tarrasch, open variation"]
[ECO "C07"]
[Time "15:09:53"]
[TimeControl "2700+45"]

1. e4 e6 2. d4 d5 3. Nd2 c5 4. Ngf3 Nc6 5. exd5 Qxd5 6. Bc4 Qd8 7. Nb3 cxd4 8.
O-O Nf6 9. Nbxd4 Nxd4 10. Nxd4 Bd6 11. Nb5 Be7 12. Bf4 Qxd1 13. Nc7+ Kf8 14.
Raxd1 Rb8 15. Nxe6+ Bxe6 16. Bxe6 fxe6 17. Bxb8 Kf7 18. Bd6 Rc8 19. Bxe7 Kxe7
20. c3 Rc6 21. Rfe1 Ra6 22. a3 Rb6 23. Rd2 Rc6 24. f3 b5 25. Rd4 a6 26. Re2 h6
27. Kf2 g5 28. h4 Kf7 29. hxg5 hxg5 30. g4 Nd5 31. Rc2 Ke7 32. Ke2 Rc5 33. Kd2
Nf4 34. c4 e5 35. Re4 Kd6 36. cxb5 Rxb5 37. Rec4 Rb6 38. b4 Nd5 39. Kd3 Kd7 40.
Rc5 Kd6 41. Ke4 Ne7 42. Rd2+ Ke6 43. Rxe5+ Kf6 44. Rd7 Ng6 45. Red5 Re6+ 46. Kd4
Ne7 47. R5d6 Nc6+ 48. Kc5 {Black resigns} 1-0

[Event "Team 45 45 League T58"]
[Site "Internet Chess Club"]
[Date "2013.09.24"]
[Round "5"]
[White "calsal"]
[Black "evan7284"]
[Result "1-0"]
[WhiteElo "1662"]
[BlackElo "1708"]
[Opening "Boden-Kieseritsky gambit"]
[ECO "C24"]
[Time "15:01:09"]
[TimeControl "2700+45"]

1. e4 e5 2. Bc4 Nf6 3. Nf3 Nxe4 4. Nc3 Nxc3 5. dxc3 f6 6. Nh4 d6 7. Qh5+ Kd7 8.
Ng6 Qe8 9. Nxf8+ Qxf8 10. f4 exf4 11. O-O Kd8 12. Bxf4 Qe8 13. Qf3 Nc6 14. Rfe1
Qg6 15. Bb5 Bd7 16. Bd3 Bf5 17. Bb5 Bd7 18. Bd3 Qf7 19. Be4 Re8 20. Bd5 Rxe1+
21. Rxe1 Qg6 22. Be4 f5 23. Bd5 Qg4 24. Qf2 g5 25. Be3 f4 26. Bd4 Qf5 27. Be4
Qf7 28. a3 d5 29. Bd3 Nxd4 30. Qxd4 c6 31. Qh8+ Be8 32. Bxh7 Rc8 33. Bg8 Qf8 34.
Re6 Bf7 35. Qf6+ Kd7 36. Bxf7 Qc5+ 37. Kf1 Qc4+ 38. Ke1 Qc5 39. Bh5 Qg1+ 40. Kd2
Kc7 41. Re7+ Kb6 42. Qd4+ Qxd4+ 43. cxd4 Rh8 44. Bf3 Rg8 45. h3 Rg6 46. Ke2 Rg8
47. Bg4 Rg6 48. Bc8 {Black resigns} 1-0

[Event "Team 45 45 League T58"]
[Site "Internet Chess Club"]
[Date "2013.09.21"]
[Round "5"]
[White "g8wrb"]
[Black "JeffH"]
[Result "0-1"]
[WhiteElo "1413"]
[BlackElo "1515"]
[Opening "King's Indian, 3.Nf3"]
[ECO "E60"]
[Time "11:19:08"]
[TimeControl "2700+45"]

1. d4 Nf6 2. c4 g6 3. Nf3 Bg7 4. Bg5 d6 5. e3 O-O 6. Bd3 h6 7. Bh4 c5 8. O-O
cxd4 9. Nxd4 Nc6 10. Nxc6 bxc6 11. Nc3 Rb8 12. Qc2 Qd7 13. h3 Re8 14. Rab1 Bb7
15. Rfd1 c5 16. Ne4 Qc6 17. Nxf6+ Bxf6 18. Be4 Qxe4 19. Qxe4 Bxe4 20. Bxf6 Bxb1
21. Bxe7 Bxa2 22. Bxd6 Rbd8 23. Ra1 Rxd6 {White resigns} 0-1

[Event "Team 45 45 League T58"]
[Site "Internet Chess Club"]
[Date "2013.09.20"]
[Round "5"]
[White "Ostap-Bender"]
[Black "guyd52"]
[Result "1-0"]
[WhiteElo "1366"]
[BlackElo "1369"]
[Opening "QGD Slav defense: exchange variation"]
[ECO "D10"]
[Time "20:00:47"]
[TimeControl "2700+45"]

1. d4 d5 2. c4 c6 3. cxd5 cxd5 4. Nf3 g6 5. Nc3 Nf6 6. e3 Bg7 7. Be2 O-O 8. O-O
a6 9. a3 Bf5 10. b4 b5 11. Bb2 Qd6 12. Rc1 Nbd7 13. Bd3 Bg4 14. h3 Bxf3 15. Qxf3
e5 16. dxe5 Nxe5 17. Qe2 d4 18. exd4 Nxd3 19. Qxd3 Rad8 20. Ne2 Nd5 21. Rfd1
Rfe8 22. Ng3 Bh6 23. Rc5 Nb6 24. Ne4 Qf4 25. f3 Na4 26. Rc2 Nxb2 27. Rxb2 Qe3+
28. Qxe3 Bxe3+ 29. Kf1 Bxd4 30. Rbd2 Bb6 31. Nf6+ Kf8 32. Nxe8 Kxe8 33. Re2+
{Black resigns} 1-0

[Event "Team 45 45 League T58"]
[Site "Internet Chess Club"]
[Date "2013.09.21"]
[Round "5"]
[White "JohLeb"]
[Black "stantheman59"]
[Result "1-0"]
[WhiteElo "1372"]
[BlackElo "1202"]
[Opening "QGD: 3.Nc3"]
[ECO "D31"]
[Time "13:08:21"]
[TimeControl "2700+45"]

1. d4 e6 2. c4 d5 3. Nc3 Bb4 4. Nf3 h6 5. e3 Nf6 6. Qc2 Nbd7 7. Bd3 c5 8. O-O
O-O 9. a3 Bxc3 10. Qxc3 Re8 11. Re1 b6 12. b4 Qc7 13. Ne5 Ne4 14. Bxe4 dxe4 15.
Bb2 Nxe5 16. dxc5 bxc5 17. Qxe5 Qxe5 18. Bxe5 f6 19. Bd6 cxb4 20. axb4 Rd8 21.
c5 Bb7 22. Ra5 Kf7 23. Rea1 a6 24. Rc1 Bc6 25. Ra3 Rd7 26. Rb1 Rb7 27. Ra5 g5
28. g4 f5 29. gxf5 exf5 30. Kg2 Rb5 31. Kg3 Rb7 32. Raa1 h5 33. h4 g4 34. Kf4
Ke6 35. Kg5 Be8 36. Rb2 a5 37. b5 Bxb5 38. Rab1 Rg7+ 39. Kf4 Bc6 40. Rb6 Rc8 41.
Be5 Rgg8 42. Rd1 Kf7 43. Rd6 Rg6 44. Kxf5 Rxd6 45. Bxd6 a4 46. Kg5 a3 47. Ra6
Ra8 48. Rxa8 Bxa8 49. Be5 Ke6 50. Bd4 Kd5 51. Kxh5 a2 52. Kxg4 Bc6 53. h5 Be8
54. h6 Bg6 55. Kg5 Bh7 56. Kf6 Kc4 57. Kg7 Kd3 58. Kxh7 Ke2 59. Kg7 Kxf2 60. h7
a1=Q 61. Bxa1 Kxe3 62. c6 Kd3 63. h8=Q e3 64. Qe8 Ke2 65. Qxe3+ Kxe3 66. c7
{Black resigns} 1-0

[Event "Team 45 45 League T58"]
[Site "Internet Chess Club"]
[Date "2013.09.22"]
[Round "5"]
[White "houseofcook"]
[Black "drsigmund1"]
[Result "0-1"]
[WhiteElo "1490"]
[BlackElo "1605"]
[Opening "French: advance, Euwe variation"]
[ECO "C02"]
[Time "08:00:06"]
[TimeControl "2700+45"]

1. e4 e6 2. d4 d5 3. e5 c5 4. c3 Bd7 5. Nf3 Nc6 6. Bd3 Qb6 7. O-O cxd4 8. cxd4
Nxd4 9. Nxd4 Qxd4 10. Nc3 Qxe5 11. Re1 Qc7 12. Nxd5 Qd6 13. Qb3 O-O-O 14. Qc4+
Bc6 15. Nf4 g5 16. Qc3 Qd4 17. Qc2 gxf4 18. Be4 Qc5 19. Qb3 Qb4 20. Bxf4 Bxe4
21. Qxb4 Bxb4 22. Rxe4 Bd6 23. Rc1+ Kd7 24. Rd4 Ke7 25. Bxd6+ Rxd6 26. Rdc4 Nf6
27. g3 Rhd8 28. Kg2 Rd2 29. Rc7+ R8d7 30. R1c2 Rxc2 31. Rxc2 Kd8 32. f3 Nd5 33.
Re2 Rc7 34. a3 a5 35. Kh3 b5 36. Rd2 Ke7 37. f4 b4 38. f5 b3 39. fxe6 fxe6 40.
Rd4 Rc2 41. Ra4 Rxb2 42. Rxa5 Rc2 43. Rb5 b2 44. Rb7+ Kd6 45. Rb8 Nc3 {White
resigns} 0-1

[Event "Team 45 45 League T58"]
[Site "Internet Chess Club"]
[Date "2013.09.20"]
[Round "5"]
[White "monkhammer"]
[Black "SirIvanhoe"]
[Result "1-0"]
[WhiteElo "1681"]
[BlackElo "1513"]
[Opening "Caro-Kann: Panov-Botvinnik attack"]
[ECO "B13"]
[Time "19:00:50"]
[TimeControl "2700+45"]

1. e4 c6 2. d4 d5 3. exd5 cxd5 4. c4 Nf6 5. Nc3 Bf5 6. Qb3 Nc6 7. cxd5 Nb8 8.
Qxb7 Nbd7 9. Bf4 Qc8 10. Ba6 Nb6 11. Rc1 Nfxd5 12. Nxd5 Qe6+ 13. Ne2 Qxd5 14.
Rc5 Qxa2 15. Bb5+ {Black resigns} 1-0

[Event "Team 45 45 League T58"]
[Site "Internet Chess Club"]
[Date "2013.09.22"]
[Round "5"]
[White "Gilguli"]
[Black "Leon13"]
[Result "1-0"]
[WhiteElo "1425"]
[BlackElo "1443"]
[Opening "Queen's pawn game, Chigorin variation"]
[ECO "D02"]
[Time "16:15:35"]
[TimeControl "2700+45"]

1. d4 d5 2. Nf3 Nc6 3. c4 Bf5 4. Nc3 e6 5. Bg5 Nf6 6. cxd5 exd5 7. Bxf6 gxf6 8.
Qb3 Qd7 9. Qxd5 Bg7 10. Qxd7+ Kxd7 11. e4 Bg4 12. Bb5 Kc8 13. Bxc6 Bxf3 14.
Bxb7+ Kxb7 15. gxf3 Bh6 16. Nd5 Rhg8 17. Nxf6 Rg6 18. Ng4 Bf4 19. Ke2 Rag8 20.
Rad1 h5 21. Ne5 Bxe5 22. dxe5 Re6 23. Rd7 Rxe5 24. Rc1 Rc8 25. Rxf7 Kb6 26. Ke3
c5 27. Rf5 Rxf5 28. exf5 Re8+ 29. Kf4 Re2 30. f6 {Black resigns} 1-0

[Event "Team 45 45 League T58"]
[Site "Internet Chess Club"]
[Date "2013.09.24"]
[Round "5"]
[White "Andaluz"]
[Black "semperfi"]
[Result "1-0"]
[WhiteElo "1194"]
[BlackElo "1348"]
[Opening "Polish (Sokolsky) opening"]
[ECO "A00"]
[Time "06:00:20"]
[TimeControl "2700+45"]

1. b4 e6 2. Bb2 d5 3. e3 Nf6 4. a3 c5 5. c3 Bd7 6. Nf3 Qb6 7. d3 Bd6 8. Be2 Nc6
9. Nbd2 O-O 10. O-O Rfe8 11. Qc1 Rac8 12. Qd1 Qc7 13. Rc1 Ng4 14. g3 e5 15. Kg2
Bf5 16. e4 Be6 17. Ng5 Qd7 18. Nxe6 Qxe6 19. Bxg4 f5 20. Bxf5 Qh6 21. Bxc8 Rxc8
22. Nf3 Ne7 23. exd5 Nxd5 24. Qb3 {Black resigns} 1-0

[Event "Team 45 45 League T58"]
[Site "Internet Chess Club"]
[Date "2013.09.22"]
[Round "5"]
[White "Muravey"]
[Black "koni"]
[Result "1-0"]
[WhiteElo "2011"]
[BlackElo "1898"]
[Opening "Philidor: Improved Hanham variation"]
[ECO "B07"]
[Time "13:00:26"]
[TimeControl "2700+45"]

1. e4 d6 2. d4 Nf6 3. Nc3 e5 4. Nf3 Nbd7 5. Bc4 Be7 6. O-O O-O 7. Re1 c6 8. a4
a5 9. Nh4 Nb6 10. Bb3 Nxe4 11. Nxe4 Bxh4 12. dxe5 dxe5 13. Qh5 Bf6 14. Bg5 Bxg5
15. Nxg5 h6 16. Nxf7 Kh7 17. Nxd8 {Black resigns} 1-0

[Event "Team 45 45 League T58"]
[Site "Internet Chess Club"]
[Date "2013.09.22"]
[Round "5"]
[White "THE-WARRIOR"]
[Black "Frankly"]
[Result "1/2-1/2"]
[WhiteElo "1705"]
[BlackElo "1764"]
[Opening "King's Indian defense, 3.Nc3"]
[ECO "E61"]
[Time "15:18:20"]
[TimeControl "2700+45"]

1. d4 Nf6 2. c4 g6 3. Nc3 Bg7 4. Nf3 O-O 5. e3 d6 6. Bd3 Nbd7 7. O-O e5 8. d5
Re8 9. e4 Nc5 10. Bc2 Nh5 11. b4 Nd7 12. Rb1 a5 13. a3 Nb6 14. Bd3 Nf4 15. Be3
Nxd3 16. Qxd3 f5 17. Bxb6 cxb6 18. b5 fxe4 19. Nxe4 Bf5 20. Nfd2 Bh6 21. f3 Rc8
22. Rbc1 Rf8 23. Rc3 Qh4 24. Qe2 Qe7 25. a4 Rc7 26. Ng3 Bd7 27. Nde4 Rfc8 28.
Qd3 Bf4 29. Ne2 Bh6 30. N2g3 Bf4 31. Ne2 Bh6 32. Nc1 Bf5 33. Nb3 Rf8 34. Nbd2
Rfc8 35. Rd1 Qh4 36. Qe2 Bxd2 37. Rxd2 Bxe4 38. fxe4 Rxc4 39. g3 Qh6 40. Rxc4
Rxc4 41. Qxc4 Qxd2 42. Qc8+ Kg7 43. Qg4 Qe1+ 44. Kg2 Qd2+ 45. Kh3 Qh6+ 46. Qh4
g5 47. Qxh6+ Kxh6 48. Kg4 Kg6 49. h4 h5+ 50. Kf3 g4+ {Game drawn by mutual
agreement} 1/2-1/2

[Event "Team 45 45 League T58"]
[Site "Internet Chess Club"]
[Date "2013.09.21"]
[Round "5"]
[White "ghostfire"]
[Black "Nathan-L"]
[Result "0-1"]
[WhiteElo "1721"]
[BlackElo "1804"]
[Opening "French: Winawer, advance variation"]
[ECO "C17"]
[Time "14:01:13"]
[TimeControl "2700+45"]

1. e4 e6 2. d4 d5 3. Nc3 Bb4 4. e5 c5 5. Nf3 Nc6 6. Be2 cxd4 7. Nxd4 Nxe5 8. Bf4
Ng6 9. Bg3 Bd7 10. O-O Bxc3 11. bxc3 N8e7 12. Nb5 O-O 13. Bc7 Qc8 14. Bg3 Bxb5
15. Bxb5 Qxc3 16. Rb1 Nf5 17. Rb3 Qc8 18. Bd3 Nxg3 19. fxg3 b6 20. Qh5 Qc5+ 21.
Kh1 d4 22. Qe2 Qe5 23. Qd2 Rac8 24. Rb5 Rc5 25. Re1 Qd5 26. Rxc5 Qxc5 27. Qe2
Rc8 28. h4 Qd5 29. h5 Ne7 30. a4 Nf5 31. Qf2 Ne3 32. Qe2 Qg5 33. Qf3 Ng4 34. Kg1
Qxh5 35. Qe4 Qh2+ 36. Kf1 Ne3+ 37. Kf2 Nf5 38. Qe5 g6 39. Bxf5 gxf5 40. Re2 Rc3
41. Qb8+ Kg7 42. Qe5+ Kg6 43. Qxd4 Qxg3+ 44. Kg1 Qc7 45. Re3 Rxe3 46. Qxe3 Qc5
{White resigns} 0-1

[Event "Team 45 45 League T58"]
[Site "Internet Chess Club"]
[Date "2013.09.23"]
[Round "5"]
[White "toukon"]
[Black "Electryon"]
[Result "0-1"]
[WhiteElo "1729"]
[BlackElo "1563"]
[Opening "QGD: exchange, positional line"]
[ECO "D35"]
[Time "21:05:01"]
[TimeControl "2700+45"]

1. d4 d5 2. c4 e6 3. Nc3 Nf6 4. cxd5 exd5 5. Bg5 Nbd7 6. Nxd5 Nxd5 7. Bxd8 Bb4+
8. Qd2 Bxd2+ 9. Kxd2 Kxd8 10. e4 Nf4 11. g3 Ng6 12. f4 Re8 13. Kd3 b6 14. Nf3
Ba6+ 15. Ke3 Bxf1 16. Rhxf1 h6 17. Rac1 Nf6 18. e5 Nd5+ 19. Ke4 Nge7 20. f5 Nxf5
21. Kxd5 Ne3+ 22. Ke4 Nxf1 23. Rxf1 Ke7 24. Nh4 g6 25. Ng2 Rac8 26. Ne3 f5+ 27.
Kd3 Ke6 28. Nc4 Rcd8 29. Re1 Re7 30. Kc3 Red7 31. Rd1 b5 32. Na5 c5 33. Nc6
cxd4+ 34. Kb4 Rc8 35. Nxd4+ Ke7 36. Kxb5 Rd5+ 37. Kb4 Rxe5 38. a4 Re4 39. Ka3
Kf6 40. Nb5 Re3+ 41. b3 a6 42. Rd6+ Re6 43. Rxe6+ Kxe6 44. Nd4+ Ke5 45. Nf3+ Ke4
46. Nd2+ Kd3 47. Nf3 Re8 48. Nh4 Re6 49. b4 Kc4 50. Ng2 g5 51. h4 Re2 {White
resigns} 0-1

[Event "Team 45 45 League T58"]
[Site "Internet Chess Club"]
[Date "2013.09.23"]
[Round "5"]
[White "HematiteBrown"]
[Black "SlimeDog2"]
[Result "0-1"]
[WhiteElo "2005"]
[BlackElo "2046"]
[Opening "Ruy Lopez: open, Dilworth variation"]
[ECO "C82"]
[Time "22:18:07"]
[TimeControl "2700+45"]

1. e4 e5 2. Nf3 Nc6 3. Bb5 a6 4. Ba4 Nf6 5. O-O Nxe4 6. d4 b5 7. Bb3 d5 8. dxe5
Be6 9. c3 Bc5 10. Nbd2 O-O 11. Bc2 Nxf2 12. Rxf2 f6 13. exf6 Bxf2+ 14. Kxf2 Qxf6
15. Nf1 Ne5 16. Be3 Rae8 17. Bc5 Rf7 18. Ne3 Nxf3 19. gxf3 Qh4+ 20. Kg1 c6 21.
Qe1 Qh5 22. Rd1 Bh3 23. Rd4 Rxf3 24. Qh4 Rexe3 25. Bxh7+ Kh8 26. Bd3 Re1+ 27.
Qxe1 Qg5+ 28. Kh1 {White resigns} 0-1

[Event "Team 45 45 League T58"]
[Site "Internet Chess Club"]
[Date "2013.09.22"]
[Round "5"]
[White "CKNIGHT3"]
[Black "pmcglothin"]
[Result "1-0"]
[WhiteElo "1749"]
[BlackElo "1809"]
[Opening "Modern defense"]
[ECO "A40"]
[Time "12:00:36"]
[TimeControl "2700+45"]

1. d4 g6 2. c4 Bg7 3. Nc3 e5 4. dxe5 Bxe5 5. Nd5 c6 6. Nf3 Bg7 7. Nc3 Nf6 8. Qd6
Qe7 9. Qxe7+ Kxe7 10. e4 d6 11. Be3 Nbd7 12. h3 Nc5 13. e5 Nfe4 14. exd6+ Kxd6
15. O-O-O+ Ke7 16. Nxe4 Nxe4 17. Bd3 f5 18. Bxe4 fxe4 19. Bc5+ Kf7 20. Ng5+ Ke8
21. Nxe4 Be5 22. Rhe1 Bf4+ 23. Be3 Bxe3+ 24. Rxe3 Kf7 25. Nd6+ Kf6 26. Rf3+ Ke6
27. Nf7 Rg8 28. Ng5+ Ke7 29. Rf7+ Ke8 30. Re1+ Kd8 31. Nxh7 Bf5 32. Nf6 Rh8 33.
g4 {Black resigns} 1-0

[Event "Team 45 45 League T58"]
[Site "Internet Chess Club"]
[Date "2013.09.20"]
[Round "5"]
[White "calsal"]
[Black "sharky123"]
[Result "0-1"]
[WhiteElo "1642"]
[BlackElo "1702"]
[Opening "Caro-Kann: Tartakower (fantasy) variation"]
[ECO "B12"]
[Time "20:30:43"]
[TimeControl "2700+45"]

1. e4 c6 2. d4 d5 3. f3 dxe4 4. fxe4 e5 5. Nf3 exd4 6. Bc4 b5 7. Bxf7+ Kxf7 8.
O-O Nf6 9. Ng5+ Ke8 10. e5 Ng4 11. e6 Ne3 12. Bxe3 dxe3 13. Qxd8+ Kxd8 14. Nf7+
Ke8 15. Nxh8 Bc5 16. Kh1 Bxe6 17. Nc3 Nd7 18. Ne4 Ke7 19. Nxc5 Nxc5 20. Rae1
Rxh8 21. Rxe3 a5 22. Rfe1 Rd8 23. R3e2 b4 24. Re5 Rd5 25. Kg1 Kd6 26. Rxd5+ cxd5
27. Rf1 g6 28. Rf8 Bf5 29. c3 bxc3 30. bxc3 Ne4 31. Ra8 Nxc3 32. Rxa5 d4 33. Kf2
Be6 34. a4 Ne4+ 35. Kf3 d3 36. Ra8 Kc7 37. Ra7+ Kb8 38. Re7 d2 39. Rxe6 d1=Q+
40. Kxe4 Qe2+ 41. Kd5 Qxg2+ 42. Kc5 Qg5+ 43. Kb6 Qd8+ 44. Kc6 Qc7+ 45. Kd5 Qa5+
46. Kd6 Qxa4 47. Kc5 Qc2+ 48. Kd6 Qxh2+ 49. Kc6 Qc2+ 50. Kd6 Qd3+ 51. Kc6 Qc4+
52. Kd6 Qxe6+ 53. Kxe6 Kc7 {White resigns} 0-1

[Event "Team 45 45 League T58"]
[Site "Internet Chess Club"]
[Date "2013.09.20"]
[Round "5"]
[White "jt2000"]
[Black "quale"]
[Result "1-0"]
[WhiteElo "1875"]
[BlackElo "1768"]
[Opening "French: Chigorin variation"]
[ECO "C00"]
[Time "16:19:39"]
[TimeControl "2700+45"]

1. e4 e6 2. Qe2 Nf6 3. Nc3 d5 4. exd5 Nxd5 5. g3 Nxc3 6. dxc3 Qd5 7. Nf3 b6 8.
Bg2 Ba6 9. Qe5 c6 10. Bf4 Nd7 11. Qxd5 cxd5 12. O-O-O Be7 13. Ne5 Nxe5 14. Bxe5
O-O 15. Rhe1 Rac8 16. Bd4 Bc5 17. f4 b5 18. f5 Bxd4 19. Rxd4 Rfe8 20. a4 Rcd8
21. axb5 Bxb5 22. b3 Bc6 23. c4 e5 24. Rd2 e4 25. cxd5 Bxd5 26. Bxe4 Re5 27. c4
Rde8 28. Rxd5 g6 29. Rxe5 Rxe5 30. fxg6 hxg6 31. Kd2 Ra5 32. Kc3 Re5 33. Kd4 Re8
34. Ra1 Re7 35. g4 Kg7 36. c5 g5 37. c6 f6 38. Bf5 Kf8 39. Bd7 Re2 40. c7 {Black
resigns} 1-0

[Event "Team 45 45 League T58"]
[Site "Internet Chess Club"]
[Date "2013.09.22"]
[Round "5"]
[White "Otelo"]
[Black "Deckfuel"]
[Result "1/2-1/2"]
[WhiteElo "1786"]
[BlackElo "2001"]
[Opening "Robatsch (modern) defense"]
[ECO "B06"]
[Time "08:00:07"]
[TimeControl "2700+45"]

1. e4 g6 2. d4 Bg7 3. Be3 d6 4. Nc3 a6 5. Qd2 Nd7 6. Bc4 e6 7. f3 b5 8. Bd3 Bb7
9. Bg5 Qc8 10. Nce2 c5 11. c3 h6 12. Bf4 e5 13. Be3 Ngf6 14. d5 Qd8 15. g4 Ng8
16. Ng3 Bf6 17. Nh3 Rc8 18. O-O Bh4 19. Ne2 g5 20. Nf2 Ne7 21. Nh1 Nf8 22. Nhg3
Nfg6 23. Nh5 Nf4 24. Nf6+ Kf8 25. Ng3 Neg6 26. Nfh5 Nxh5 27. Nxh5 Nf4 28. Ng3 h5
29. Nf5 hxg4 30. fxg4 Rc7 31. b4 c4 32. Bc2 Rd7 33. a4 Bc8 34. axb5 axb5 35. Ra8
Kg8 36. Rfa1 Kh7 37. Rb8 Qf6 38. Nxh4 gxh4 39. Bxf4 Qxf4 40. Qxf4 exf4 41. Raa8
Rdd8 42. e5+ Kg7 43. exd6 Rdg8 44. Bf5 Bxf5 45. Rxg8+ Rxg8 46. Rxg8+ Kxg8 47.
gxf5 Kf8 48. Kf2 Ke8 49. Kf3 Kd7 50. Kxf4 Kxd6 51. Ke4 f6 52. h3 Ke7 53. Kf4 Kd6
54. Ke4 Ke7 55. Ke3 Kd7 56. Ke4 Ke7 {Game drawn by repetition} 1/2-1/2

[Event "Team 45 45 League T58"]
[Site "Internet Chess Club"]
[Date "2013.09.21"]
[Round "5"]
[White "LittleButton"]
[Black "fishhead"]
[Result "1-0"]
[WhiteElo "1919"]
[BlackElo "1830"]
[Opening "Sicilian: closed"]
[ECO "B23"]
[Time "14:00:57"]
[TimeControl "2700+45"]

1. e4 c5 2. Nc3 e6 3. f4 d6 4. Nf3 Nf6 5. Bb5+ Bd7 6. Bxd7+ Qxd7 7. O-O Be7 8.
d3 Nc6 9. Bd2 a6 10. Qe1 b5 11. e5 dxe5 12. Nxe5 Qc7 13. Qg3 g6 14. Rae1 Nd4 15.
Ne2 Nf5 16. Qf3 Rd8 17. b3 O-O 18. Bc3 Nd5 19. Bd2 b4 20. g4 Nd4 21. Nxd4 cxd4
22. Nc4 a5 23. f5 exf5 24. gxf5 Ne3 25. Nxe3 dxe3 26. Bxe3 Qxc2 27. Bh6 Rxd3 28.
Qe4 Bc5+ 29. Kh1 Rd2 30. Bxd2 Qxd2 31. Re2 Qd6 32. fxg6 hxg6 33. Rg2 Kg7 34. Qf4
Qc6 35. Qe5+ f6 36. Qg3 f5 37. h4 Be7 38. h5 g5 39. Qe5+ Qf6 40. Rxg5+ Kh7 41.
Qxf5+ Qxf5 42. Rgxf5 Rxf5 43. Rxf5 Bd8 44. Kg2 {Black resigns} 1-0

[Event "Team 45 45 League T58"]
[Site "Internet Chess Club"]
[Date "2013.09.21"]
[Round "5"]
[White "justice02"]
[Black "Schachteufel"]
[Result "1-0"]
[WhiteElo "1799"]
[BlackElo "1641"]
[Opening "English opening"]
[ECO "A05"]
[Time "07:29:27"]
[TimeControl "2700+45"]

1. Nf3 Nf6 2. c4 g6 3. Nc3 Bg7 4. g3 O-O 5. Bg2 d6 6. O-O e5 7. d3 c6 8. Qa4
Nbd7 9. b4 e4 10. Nd2 exd3 11. exd3 Ng4 12. Qb3 Re8 13. Nf3 Qf6 14. Bd2 Nge5 15.
Nxe5 Nxe5 16. Qd1 Nxd3 17. Rb1 Ne5 18. Ne4 Qe6 19. c5 dxc5 20. bxc5 Nc4 21. Bc1
Qe7 22. Re1 Bf5 23. Qb3 Na5 24. Qb4 Bxe4 25. Rxe4 Qc7 26. Bf4 Rxe4 27. Qxe4 Qd8
28. Qb4 b6 29. Bd2 Qd3 30. Bf1 Qf5 31. Be3 Bf8 32. Rc1 Re8 33. Qc3 Qd5 34. cxb6
axb6 35. Bxb6 Nb7 36. Bg2 Qxa2 37. Qxc6 Qb2 38. Rd1 Qb3 39. Rf1 Nd6 40. Bc7 Rc8
41. Bh3 f5 42. Qd7 Qb7 43. Rc1 Ne4 44. Qe6+ Kg7 45. Be5+ Kh6 46. Bf4+ Kh5 47.
Rxc8 Qb1+ 48. Rc1 Qb2 49. Be3 Nxf2 50. Bxf5 Ba3 51. g4+ Kh4 52. Bxf2+ Kh3 53.
Qe3# {Black checkmated} 1-0

[Event "Team 45 45 League T58"]
[Site "Internet Chess Club"]
[Date "2013.09.21"]
[Round "5"]
[White "badmove"]
[Black "IAmGoodAtChess"]
[Result "1-0"]
[WhiteElo "1642"]
[BlackElo "1800"]
[Opening "Réti opening"]
[ECO "A04"]
[Time "17:04:52"]
[TimeControl "2700+45"]

1. Nf3 e6 2. d3 d5 3. b3 c5 4. Bb2 Nf6 5. g3 Bd6 6. Bg2 Nc6 7. Nbd2 O-O 8. O-O
Bd7 9. Re1 d4 10. c3 e5 11. Nc4 Bc7 12. Ba3 b6 13. cxd4 exd4 14. e3 Bg4 15. Qd2
Qd7 16. exd4 b5 17. Nce5 Nxe5 18. Nxe5 Qxd4 19. Bb2 Qd8 20. Nxg4 Nxg4 21. Bxa8
Ba5 22. Qf4 Bxe1 23. Qxg4 f6 24. Rxe1 Qxa8 25. Re7 g6 26. Qe6+ Kh8 27. Bxf6+
Rxf6 28. Qxf6+ Kg8 29. Qg7# {Black checkmated} 1-0

[Event "Team 45 45 League T58"]
[Site "Internet Chess Club"]
[Date "2013.09.23"]
[Round "5"]
[White "BigH"]
[Black "jjmolina"]
[Result "0-1"]
[WhiteElo "2111"]
[BlackElo "1764"]
[Opening "Queen's pawn game, Darooha variation "]
[ECO "D02"]
[Time "14:22:43"]
[TimeControl "2700+45"]

1. d4 d5 2. Nf3 Nf6 3. g3 g6 4. Bg2 Bg7 5. O-O O-O 6. b3 c5 7. Bb2 cxd4 8. Nbd2
Re8 9. Nxd4 e5 10. Nb5 a6 11. Na3 Nc6 12. e4 d4 13. c3 dxc3 14. Bxc3 Bg4 15. f3
Be6 16. Nac4 Qc7 17. Rc1 Rad8 18. Qe2 Rd7 19. f4 exf4 20. gxf4 Red8 21. e5 Nd5
22. Nd6 Nxc3 23. Rxc3 Qa5 24. Bxc6 Rxd6 25. Ne4 Rxc6 26. Rg3 Rdc8 27. f5 Bxf5
28. Rxf5 gxf5 29. Nf6+ Kh8 30. Rxg7 Kxg7 31. Qg2+ Kh8 {White resigns} 0-1

[Event "Team 45 45 League T58"]
[Site "Internet Chess Club"]
[Date "2013.09.21"]
[Round "5"]
[White "Portola"]
[Black "zap2"]
[Result "1-0"]
[WhiteElo "1812"]
[BlackElo "1733"]
[Opening "Queen's Pawn"]
[ECO "A41"]
[Time "13:01:03"]
[TimeControl "2700+45"]

1. d4 d6 2. Bf4 Nf6 3. e3 g6 4. Nf3 Bg7 5. h3 O-O 6. Nbd2 Nbd7 7. Bc4 h6 8. c3
Re8 9. O-O e5 10. dxe5 dxe5 11. Bh2 Qe7 12. Qc2 e4 13. Nd4 Nb6 14. Bb3 a6 15.
Rfd1 c5 16. Ne2 h5 17. Nf4 Bf5 18. a4 g5 19. Ne2 Nbd7 20. Nc4 b5 21. Nd6 Bg6 22.
Nxe8 Qxe8 23. axb5 axb5 24. Rxa8 Qxa8 25. Qb1 c4 26. Bc2 Nc5 27. b3 h4 28. bxc4
bxc4 29. Qb8+ Qxb8 30. Bxb8 Nfd7 31. Ba7 Bh5 32. Bxc5 Nxc5 33. Rd8+ Bf8 34. Nd4
Bg6 35. Nc6 Kg7 36. Ne5 Be7 37. Re8 Bf6 38. Nxg6 Kxg6 39. Bxe4+ Kg7 40. Bd5 Kg6
41. Rc8 Na4 42. Be4+ Kg7 43. Rxc4 Nxc3 44. Bf3 Kg6 45. Rc6 Kg7 46. Rc7 Be5 47.
Rd7 Kg6 48. Rb7 Bf6 49. Rb6 Kg7 50. Bh5 Nd5 51. Rd6 Ne7 52. e4 Be5 53. Rd7 Kf6
54. Kf1 Ke6 55. Rb7 Kf6 56. Ke2 Bf4 57. Kf3 Be5 58. Kg4 Ng6 59. Bxg6 Kxg6 60.
Rb5 f6 61. g3 hxg3 62. fxg3 Bd4 63. Rd5 Bc3 64. h4 gxh4 65. gxh4 Bb2 66. h5+ Kh6
67. Rf5 Bc3 68. Kf3 Bd4 69. Ke2 Be5 70. Kd3 Kg7 71. Kc4 Bb2 72. Kd5 Kf7 73. Rf2
Be5 74. Rg2 Bf4 75. Rg4 Bh6 76. e5 fxe5 77. Kxe5 Bg7+ 78. Kf5 Bh6 79. Rg6 Bg7
80. h6 Bh8 81. Rc6 Kg8 82. Kg6 Bg7 83. h7+ Kf8 84. Rc8+ Ke7 85. Kxg7 Kd7 86.
h8=Q {Black resigns} 1-0

[Event "Team 45 45 League T58"]
[Site "Internet Chess Club"]
[Date "2013.09.20"]
[Round "5"]
[White "Riddick"]
[Black "Heian"]
[Result "1-0"]
[WhiteElo "1868"]
[BlackElo "1688"]
[Opening "Scotch: Potter variation"]
[ECO "C45"]
[Time "20:30:42"]
[TimeControl "2700+45"]

1. e4 e5 2. Nf3 Nc6 3. d4 exd4 4. Nxd4 Bc5 5. Nb3 Bb6 6. Nc3 d6 7. Bc4 Ne5 8.
Qe2 Nxc4 9. Qxc4 Be6 10. Qd3 h6 11. Be3 Bxe3 12. Qxe3 Nf6 13. h3 O-O 14. Rd1 Qe8
15. O-O Nd7 16. Qd4 Bxb3 17. axb3 Qe5 18. Qxe5 Nxe5 19. Nd5 Kh8 20. c4 c6 21.
Nc3 Rad8 22. Rd2 f6 23. Rfd1 Nf7 24. f3 g5 25. b4 a6 26. Kf2 b5 27. cxb5 axb5
28. Ne2 Ra8 29. Rc2 Rfc8 30. Nc3 Kg7 31. Rdc1 Ne5 32. Ke2 Rab8 33. Nd5 Re8 34.
Ne3 d5 35. exd5 Nc4 36. Rxc4 bxc4 37. Rxc4 cxd5 38. Rd4 Kg6 39. Kd3 Rb5 40. Nxd5
Re1 41. Kc4 Rb8 42. Rd2 Rc1+ 43. Nc3 Re1 44. b5 Re7 45. Rd6 Rc7+ 46. Kb4 Rcb7
47. Kc5 Rc8+ 48. Rc6 Rcb8 49. b6 Kf5 50. Nb5 Kf4 51. Rxf6+ Kg3 52. Nd6 Rh7 53.
b4 Kxg2 54. f4 Kxh3 55. fxg5 hxg5 56. Rg6 g4 57. Kc6 g3 58. Ne4 Rc8+ 59. Kb5
Rh5+ 60. Ka6 g2 61. b7 Rc6+ 62. Rxc6 g1=Q 63. b8=Q Qa1+ 64. Kb6 Qd4+ 65. Nc5
Qxb4+ 66. Ka7 Rh7+ 67. Nb7 Qa4+ 68. Kb6 Qb4+ 69. Ka6 Qa4+ 70. Na5 Rh5 71. Rc3+
Kg2 72. Qg3+ Kf1 73. Qf3+ Ke1 74. Rc1+ Kd2 75. Qc3+ Ke2 76. Re1+ Kf2 77. Qe3+
{Black resigns} 1-0